Map: Apothéose EC

Players

MaDnezZ - Winner!

  • Race: Zerg Zerg

Worming

  • Race: Protoss Protoss
  • League: Diamond

VOD

Have the link to the VOD?

Description

Time

  • Played on: Oct. 21, 2016, 12:27 p.m.
  • Length: 15:04
Show
View Real Time Build Order
Export as new Build Order

MaDnezZ Zerg - Winner!

Build Orders: Hatch First, Muta Ling Bane 

Get SALT Encoding   

  12  0:01  Drone  
  13  0:14  Overlord  
  13  0:17  Drone  
  14  0:32  Drone x2  
  16  0:36  Drone  
  17  0:57  Unknown, Hatchery  
  17  1:03  Extractor  
  15  1:10  Spawning Pool  
  14  1:13  Drone  
  14  1:17  Drone  
  16  1:21  Drone  
  17  1:27  Drone  
  18  1:35  Drone  
  19  1:46  Overlord  
  19  1:57  Queen  
  21  2:05  Metabolic Boost  
  21  2:07  Drone  
  22  2:08  Unknown  
  22  2:10  Queen  
  22  2:11  Drone  
  25  2:16  Zergling x2  
  25  2:18  Zergling x2  
  27  2:24  Drone  
  27  2:29  Drone  
  29  2:34  Drone  
  30  2:41  Zergling x4  
  32  2:51  Drone  
  32  2:53  Extractor, Drone  
  33  3:01  Overlord  
  33  3:06  Drone x3  
  33  3:09  Overlord  
  36  3:13  Lair  
  36  3:21  Evolution Chamber  
  36  3:25  Evolution Chamber  
  34  3:45  Drone  
  34  3:46  Drone x3  
  34  3:47  Overlord x2  
  34  3:48  Drone x2  
  40  3:59  Drone x3  
  43  4:12  Drone x3  
  43  4:15  Drone x2  
  43  4:16  Drone  
  49  4:20  Baneling Nest  
  49  4:21  Zerg Melee Weapons Level 1  
  48  4:26  Unknown, Hatchery  
  48  4:30  Extractor  
  46  4:31  Extractor  
  46  4:36  Drone x2  
  46  4:37  Drone x2  
  49  4:43  Zergling x6  
  52  4:47  Zerg Ground Armor Level 1  
  52  4:53  Drone x2  
  54  5:07  Centrifical Hooks  
  54  5:08  Overlord x2  
  54  5:09  Overlord  
  54  5:10  Overlord  
  54  5:11  Overlord  
  54  5:12  Overlord  
  54  5:14  Drone x3  
  57  5:16  Baneling x3  
  57  5:22  Drone  
  58  5:35  Zergling x2  
  58  5:36  Zergling x8  
  58  5:37  Unknown  
  58  5:38  Drone  
  64  5:43  Drone x2  
  64  5:44  Drone x2  
  64  5:46  Queen  
  70  5:53  Spire  
  70  5:55  Baneling x2  
  70  5:56  Zergling x2  
  70  5:57  Zergling x4  
  71  5:59  Baneling x3  
  71  6:13  Zergling x4  
  71  6:15  Zergling x4  
  71  6:16  Zergling x8  
  71  6:21  Queen, Zergling x6  
  71  6:25  Zergling x4  
  72  6:29  Zergling x2  
  72  6:32  Baneling  
  70  6:33  Baneling  
  70  6:38  Zergling x4  
  64  6:50  Zergling x8  
  55  7:01  Zergling x4  
  55  7:06  Queen  
  55  7:07  Mutalisk x3  
  62  7:10  Mutalisk  
  64  7:17  Spine Crawler  
  64  7:18  Spine Crawler  
  64  7:21  Spine Crawler  
  61  7:26  Mutalisk x3  
  62  7:31  Mutalisk x2  
  61  7:38  Mutalisk x2  
  61  7:39  Mutalisk  
  63  7:48  Drone x3  
  64  7:57  Drone x4  
  68  8:02  Zerg Flyer Weapons Level 1  
  68  8:05  Drone x3  
  71  8:12  Drone x4  
  75  8:18  Drone x2  
  77  8:34  Zergling x20  
  78  8:37  Zerg Ground Armor Level 2  
  87  8:41  Drone x2  
  87  8:44  Zergling x2  
  90  8:53  Baneling x4  
  90  8:54  Zergling x4  
  91  9:04  Mutalisk, Zergling x2  
  91  9:05  Zergling x10  
  99  9:15  Zergling x4  
  99  9:16  Zergling x4  
  93  9:21  Zergling x4  
  88  9:35  Zergling x12  
  88  9:36  Zergling x2  
  75  9:50  Zergling x4  
  75  9:51  Zergling x2  
  72  10:01  Zergling x4  
  71  10:08  Unknown, Hatchery, Zergling x2  
  69  10:22  Mutalisk x3  
  75  10:41  Drone x3  
  78  10:49  Roach Warren  
  77  10:50  Mutalisk x4  
  77  10:52  Unknown, Hatchery  
  77  10:57  Drone  
  85  11:02  Zerg Flyer Armor Level 1  
  85  11:07  Zerg Melee Weapons Level 2  
  85  11:10  Mutalisk x4  
  93  11:19  Zergling x4  
  93  11:20  Unknown, Zergling x4  
  94  11:34  Overlord x3  
  92  11:52  Zergling x4  
  92  11:53  Zergling x18  
  99  11:59  Mutalisk  
  94  12:04  Unknown  
  92  12:21  Zergling x8  
  92  12:22  Zergling x10  
  101  12:29  Zergling x4  
  103  12:34  Drone  
  99  12:41  Baneling x2  
  99  12:43  Baneling  
  99  12:44  Baneling x6  
  99  12:47  Drone  
  99  12:49  Drone  
  101  12:59  Glial Reconstitution  
  101  13:02  Roach  
  101  13:03  Roach x2  
  107  13:07  Baneling x2  
  107  13:08  Baneling x3  
  107  13:23  Unknown, Hatchery  
  107  13:26  Roach  
  107  13:27  Roach x2  
  111  13:47  Roach  
  113  13:53  Zergling x2  
  111  14:04  Overlord x2  
  111  14:05  Overlord  
  111  14:07  Overlord x3  
  82  14:17  Roach x3  
  82  14:18  Roach x6  
  88  14:25  Roach  
  87  14:57  Unknown, Hatchery  
Show
View Real Time Build Order
Export as new Build Order

Worming Protoss 

Build Orders: 1 Gate Expand 

Get SALT Encoding   

  12  0:02  Probe (Chrono Boost)  
  13  0:12  Probe (Chrono Boost)  
  14  0:20  Pylon  
  14  0:23  Probe (Chrono Boost)  
  15  0:39  Probe (Chrono Boost)  
  15  0:40  Gateway  
  16  0:49  Probe (Chrono Boost)  
  17  0:50  Assimilator  
  17  1:00  Probe (Chrono Boost)  
  18  1:10  Probe (Chrono Boost)  
  19  1:24  Nexus, Unknown  
  19  1:37  Cybernetics Core  
  19  1:44  Probe (Chrono Boost), Pylon  
  20  1:55  Probe (Chrono Boost)  
  20  2:01  Warp Gate  
  21  2:05  Probe (Chrono Boost)  
  22  2:15  Adept  
  24  2:17  Probe (Chrono Boost)  
  25  2:22  Assimilator  
  25  2:29  Probe (Chrono Boost)  
  26  2:31  Twilight Council  
  26  2:35  Unknown  
  26  2:36  Probe (Chrono Boost)  
  27  2:41  Probe (Chrono Boost)  
  28  2:46  Probe (Chrono Boost)  
  29  2:53  Probe (Chrono Boost)  
  29  2:57  Probe (Chrono Boost)  
  29  2:58  Resonating Glaives  
  30  3:01  Zealot  
  33  3:06  Probe (Chrono Boost)  
  33  3:08  Probe (Chrono Boost)  
  34  3:18  Probe (Chrono Boost)  
  36  3:20  Probe (Chrono Boost)  
  36  3:25  Pylon  
  36  3:30  Probe (Chrono Boost)  
  36  3:33  Probe (Chrono Boost)  
  39  3:42  Probe (Chrono Boost)  
  37  3:51  Gateway x2  
  37  3:54  Gateway  
  38  4:05  Mothership Core (Chrono Boost)  
  38  4:14  Probe (Chrono Boost)  
  39  4:23  Adept  
  42  4:24  Probe (Chrono Boost)  
  42  4:25  Probe (Chrono Boost)  
  43  4:34  Pylon  
  43  4:35  Probe (Chrono Boost)  
  43  4:37  Pylon  
  44  4:40  Probe (Chrono Boost)  
  44  4:45  Adept, Probe (Chrono Boost)  
  48  4:56  Adept x3, Probe (Chrono Boost), Forge  
  55  5:02  Assimilator  
  55  5:03  Assimilator  
  55  5:14  Gateway  
  55  5:16  Gateway  
  55  5:17  Gateway  
  55  5:19  Pylon  
  55  5:21  Robotics Facility  
  55  5:23  Adept x4, Pylon  
  63  5:33  Pylon  
  63  5:37  Probe (Chrono Boost)  
  64  5:48  Probe (Chrono Boost)  
  64  5:54  Protoss Ground Weapons Level 1  
  64  5:56  Adept x2  
  64  5:57  Adept x2  
  70  5:58  Probe (Chrono Boost)  
  73  6:09  Probe (Chrono Boost)  
  68  6:20  Probe (Chrono Boost)  
  65  6:28  Adept x4  
  65  6:31  Immortal  
  71  6:59  Adept  
  71  7:00  Adept x6  
  75  7:36  Adept  
  75  7:37  Adept x3  
  77  7:38  Stalker x2  
  77  7:40  Pylon  
  77  7:53  Blink  
  77  7:55  Probe (Chrono Boost)  
  78  8:00  Stalker x5  
  78  8:04  Protoss Ground Weapons Level 2  
  88  8:06  Probe (Chrono Boost)  
  88  8:07  Nexus, Unknown  
  88  8:12  Probe (Chrono Boost)  
  90  8:15  Pylon  
  90  8:17  Pylon  
  90  8:21  Stalker x2  
  92  8:35  Probe (Chrono Boost)  
  92  8:38  Immortal  
  97  8:42  Stalker x5  
  107  8:50  Stargate  
  107  8:55  Pylon  
  107  9:08  Adept  
  101  9:18  Unknown  
  99  9:27  Stalker x4  
  93  9:49  Stalker x2  
  93  9:50  Stalker x3  
  93  9:52  Stalker x2  
  87  10:09  Probe (Chrono Boost)  
  87  10:13  Assimilator  
  76  10:17  Assimilator  
  76  10:20  Probe (Chrono Boost)  
  71  10:22  Stalker  
  71  10:23  Stalker  
  71  10:26  Phoenix  
  77  10:30  Probe (Chrono Boost)  
  78  10:41  Probe (Chrono Boost)  
  79  10:44  Pylon  
  79  10:51  Probe (Chrono Boost), Stalker x5  
  90  11:10  Photon Cannon, Gateway  
  90  11:16  Phoenix  
  92  11:36  Zealot x4  
  92  11:37  Zealot  
  74  12:10  Charge  
  74  12:14  Stalker x2  
  74  12:15  Stalker x5  
  82  12:22  Protoss Ground Weapons Level 3  
  80  12:42  Nexus, Unknown  
  72  12:45  Phoenix  
  74  12:52  Pylon  
  74  12:54  Pylon  
  74  12:57  Stalker  
  74  12:58  Stalker x2  
  80  12:59  Adept x2  
  80  13:00  Adept x2  
  88  13:10  Phoenix  
  90  13:17  Zealot  
  92  13:22  Observer  
  92  13:26  Probe (Chrono Boost)  
  95  13:27  Probe (Chrono Boost)  
  95  13:37  Probe (Chrono Boost)  
  92  13:44  Zealot  
  92  13:45  Zealot x6  
  92  13:46  Zealot  
  53  14:35  Adept x4  
  53  14:36  Adept x4  
  67  14:40  Nexus, Unknown  
  67  14:56  Stalker x3  
Tags
 
Add a new tag
Caveats
  • Supply blocks, unpowered buildings, or Contaminate may cause inaccurate times.
  • Supply counts are checked every 10 seconds.